1777 views
Uploaded 2023-04-04 21:50:18
Game version 1.35 (6115)
13:20 long 4on4 ladder game on (8)Nightopia_S2
Saved by DKnight
1777 views
Uploaded 2023-04-04 21:50:18
Game version 1.35 (6115)
13:20 long 4on4 ladder game on (8)Nightopia_S2


94 units @ 12.1k
/ 2k
55 buildings @ 8k
/ 3k


| Healing Salve | 2 | 200 |
| Lesser Clarity Potion | 2 | 140 |
| Scroll of Speed | 1 | 50 |
| Potion of Healing | 1 | 150 |
| Potion of Mana | 1 | 200 |
| Orb of Lightning | 1 | 375 |
| Scroll of Protection | 1 | 150 |
| total: | 9 | 1265g |
| Peon | 9 | 675 | / | 0 |
| Troll Headhunter | 5 | 700 | / | 100 |
| Demolisher | 1 | 220 | / | 50 |
| total: | 15 | 1595g | / | 150w |
| Orc Burrow | 5 | 800 | / | 200 |
| Altar of Storms | 1 | 180 | / | 50 |
| War Mill | 1 | 205 | / | 0 |
| Barracks | 2 | 360 | / | 100 |
| Voodoo Lounge | 1 | 130 | / | 30 |
| Spirit Lodge | 1 | 150 | / | 150 |
| Stronghold | 1 | 315 | / | 190 |
| Fortress | 1 | 325 | / | 190 |
| total: | 11 | 1825g | / | 530w |
| 0:05 | Peon |
| 0:05 | Peon |
| 0:05 | Peon |
| 0:11 | Orc Burrow |
| 0:19 | Altar of Storms |
| 0:43 | War Mill |
| 0:58 | Peon |
| 1:00 | Peon |
| 1:18 | Peon |
| 1:41 | Barracks |
| 1:50 | Barracks |
| 1:55 | Peon |
| 2:10 | Voodoo Lounge |
| 2:15 | Peon |
| 2:19 | Peon |
| 2:27 | War Stomp |
| 2:51 | Orc Burrow |
| 2:55 | Orc Burrow |
| 3:13 | Healing Salve |
| 3:13 | Lesser Clarity Potion |
| 3:14 | Scroll of Speed |
| 3:42 | Troll Headhunter |
| 3:50 | Troll Headhunter |
| 3:59 | Steel Armor |
| 4:52 | Stronghold |
| 4:57 | Troll Headhunter |
| 5:04 | Steel Ranged Weapons |
| 5:45 | Endurance Aura |
| 6:01 | Troll Headhunter |
| 6:07 | Orc Burrow |
| 6:11 | Healing Salve |
| 6:14 | Lesser Clarity Potion |
| 6:41 | Troll Headhunter |
| 6:48 | Orc Burrow |
| 7:26 | Endurance Aura |
| 7:39 | Troll Regeneration |
| 7:48 | Thorium Ranged Weapons |
| 8:27 | Scroll of Protection |
| 9:12 | Healing Wave |
| 9:23 | Fortress |
| 9:27 | Thorium Armor |
| 9:33 | Spirit Lodge |
| 10:18 | Demolisher |
| 10:54 | Shaman Adept Training |
| 11:28 | Potion of Healing |
| 11:29 | Potion of Mana |
| 11:54 | Burning Oil |
| 11:56 | Berserker Upgrade |
| 12:20 | Orb of Lightning |
| Select | 155 |
| Right click | 152 |
| Build/train/purchase | 57 |
| Minimap ping | 16 |
| Use ability | 15 |
| Chat | 3 |

| Wisp | 28 | 1680 | / | 0 |
| Archer | 6 | 780 | / | 60 |
| Dryad | 7 | 1015 | / | 420 |
| Druid of the Claw | 2 | 510 | / | 160 |
| Goblin Shredder | 1 | 375 | / | 100 |
| total: | 44 | 4360g | / | 740w |
| Altar of Elders | 1 | 180 | / | 50 |
| Ancient of War | 1 | 150 | / | 60 |
| Moon Well | 5 | 900 | / | 200 |
| Hunter's Hall | 1 | 210 | / | 100 |
| Tree of Life | 1 | 340 | / | 185 |
| Ancient of Wonders | 1 | 90 | / | 30 |
| Ancient of Lore | 2 | 310 | / | 290 |
| Tree of Ages | 1 | 320 | / | 180 |
| Tree of Eternity | 2 | 660 | / | 400 |
| total: | 12 | 2180g | / | 915w |
| 0:02 | Wisp |
| 0:06 | Altar of Elders |
| 0:21 | Ancient of War |
| 0:24 | Wisp |
| 0:26 | Moon Well |
| 0:29 | Moon Well |
| 0:36 | Wisp |
| 0:48 | Wisp |
| 1:03 | Wisp |
| 1:20 | Wisp |
| 1:22 | Archer |
| 1:24 | Wisp |
| 1:43 | Wisp |
| 2:08 | Wisp |
| 2:08 | Wisp |
| 2:12 | Moon Well |
| 2:21 | Force of Nature |
| 3:04 | Wisp |
| 3:04 | Wisp |
| 3:05 | Wisp |
| 3:06 | Archer |
| 3:07 | Archer |
| 3:33 | Archer |
| 3:50 | Entangling Roots |
| 3:51 | Wisp |
| 3:52 | Tree of Ages |
| 3:56 | Moon Well |
| 4:31 | Hunter's Hall |
| 5:01 | Goblin Shredder |
| 5:16 | Archer |
| 5:32 | Tree of Life |
| 5:46 | Archer |
| 6:00 | Entangling Roots |
| 6:15 | Wisp |
| 6:15 | Wisp |
| 6:18 | Ancient of Lore |
| 6:23 | Ancient of Lore |
| 6:27 | Ancient of Wonders |
| 6:29 | Wisp |
| 6:29 | Wisp |
| 6:34 | Ultravision |
| 7:06 | Moon Well |
| 7:33 | Druid of the Claw Adept Training |
| 7:36 | Abolish Magic |
| 7:49 | Dryad |
| 7:51 | Dryad |
| 7:57 | Strength of the Wild |
| 8:55 | Force of Nature |
| 9:18 | Wisp |
| 9:18 | Wisp |
| 9:18 | Wisp |
| 9:18 | Wisp |
| 9:19 | Wisp |
| 9:25 | Tree of Eternity |
| 9:27 | Druid of the Claw |
| 9:29 | Dryad |
| 9:36 | Improved Strength of the Wild |
| 10:40 | Dryad |
| 11:09 | Dryad |
| 11:10 | Dryad |
| 11:16 | Wisp |
| 11:17 | Wisp |
| 11:17 | Wisp |
| 11:17 | Wisp |
| 11:18 | Wisp |
| 11:29 | Advanced Strength of the Wild |
| 12:28 | Druid of the Claw Master Training |
| 12:29 | Druid of the Claw |
| 12:29 | Dryad |
| Right click | 730 |
| Select group | 231 |
| Select | 227 |
| Build/train/purchase | 83 |
| Misc. action | 41 |
| Assign group | 39 |
| Use ability | 37 |
| Minimap ping | 13 |
| Esc | 4 |

| Ritual Dagger | 1 | 125 |
| total: | 1 | 125g |
| Acolyte | 5 | 375 | / | 0 |
| Ghoul | 3 | 360 | / | 0 |
| Crypt Fiend | 5 | 1075 | / | 200 |
| Gargoyle | 1 | 175 | / | 30 |
| Obsidian Statue | 1 | 200 | / | 35 |
| Abomination | 1 | 240 | / | 70 |
| total: | 16 | 2425g | / | 335w |
| Nerubian Tower | 4 | 400 | / | 80 |
| Spirit Tower | 2 | 290 | / | 80 |
| Ziggurat | 7 | 1050 | / | 350 |
| Crypt | 3 | 600 | / | 150 |
| Altar of Darkness | 1 | 180 | / | 50 |
| Graveyard | 1 | 215 | / | 0 |
| Tomb of Relics | 1 | 130 | / | 30 |
| Slaughterhouse | 1 | 140 | / | 135 |
| Sacrificial Pit | 1 | 75 | / | 150 |
| Halls of the Dead | 1 | 320 | / | 210 |
| Black Citadel | 2 | 650 | / | 460 |
| total: | 15 | 2390g | / | 865w |
| 0:07 | Acolyte |
| 0:07 | Acolyte |
| 0:15 | Ziggurat |
| 0:18 | Crypt |
| 0:41 | Altar of Darkness |
| 0:52 | Acolyte |
| 1:27 | Ghoul |
| 1:27 | Ghoul |
| 1:29 | Ghoul |
| 1:54 | Graveyard |
| 2:08 | Nerubian Tower |
| 2:28 | Ziggurat |
| 2:39 | Carrion Beetles |
| 2:47 | Cannibalize |
| 2:56 | Halls of the Dead |
| 3:11 | Ziggurat |
| 3:30 | Creature Carapace |
| 3:45 | Tomb of Relics |
| 3:57 | Nerubian Tower |
| 4:00 | Creature Attack |
| 4:20 | Crypt |
| 4:48 | Crypt |
| 5:13 | Nerubian Tower |
| 5:17 | Crypt Fiend |
| 5:22 | Burrow |
| 5:41 | Impale |
| 5:41 | Impale |
| 5:43 | Impale |
| 5:57 | Web |
| 6:04 | Ritual Dagger |
| 6:14 | Black Citadel |
| 6:31 | Gargoyle |
| 6:48 | Slaughterhouse |
| 7:08 | Ziggurat |
| 7:15 | Ziggurat |
| 8:10 | Obsidian Statue |
| 8:11 | Spirit Tower |
| 8:13 | Spirit Tower |
| 8:19 | Ziggurat |
| 8:30 | Crypt Fiend |
| 8:33 | Exhume Corpses |
| 8:38 | Sacrificial Pit |
| 9:15 | Ghoul Frenzy |
| 9:17 | Improved Creature Attack |
| 9:31 | Nerubian Tower |
| 9:33 | Ziggurat |
| 9:39 | Acolyte |
| 10:22 | Acolyte |
| 10:26 | Crypt Fiend |
| 10:29 | Disease Cloud |
| 10:56 | Crypt Fiend |
| 10:58 | Improved Creature Carapace |
| 11:08 | Carrion Beetles |
| 11:43 | Crypt Fiend |
| 11:45 | Abomination |
| 11:53 | Unholy Strength |
| 11:53 | Improved Unholy Strength |
| Right click | 298 |
| Select | 203 |
| Build/train/purchase | 73 |
| Select group | 36 |
| Assign group | 18 |
| Use ability | 7 |
| Misc. action | 5 |
| Item give/drop | 2 |


| Scroll of Regeneration | 3 | 300 |
| Lesser Clarity Potion | 3 | 210 |
| Potion of Healing | 1 | 150 |
| Scroll of Town Portal | 1 | 350 |
| total: | 8 | 1010g |
| Peasant | 8 | 600 | / | 0 |
| Gryphon Rider | 11 | 3080 | / | 770 |
| total: | 19 | 3680g | / | 770w |
| Scout Tower | 4 | 120 | / | 80 |
| Guard Tower | 7 | 490 | / | 350 |
| Altar of Kings | 1 | 180 | / | 50 |
| Farm | 5 | 400 | / | 100 |
| Arcane Vault | 3 | 390 | / | 90 |
| Lumber Mill | 1 | 120 | / | 0 |
| Blacksmith | 1 | 140 | / | 60 |
| Gryphon Aviary | 2 | 280 | / | 300 |
| Keep | 2 | 640 | / | 420 |
| Castle | 2 | 720 | / | 420 |
| total: | 17 | 1630g | / | 680w |
| 0:09 | Peasant |
| 0:10 | Peasant |
| 0:14 | Altar of Kings |
| 0:18 | Farm |
| 0:21 | Peasant |
| 0:41 | Peasant |
| 0:41 | Peasant |
| 1:00 | Arcane Vault |
| 1:02 | Peasant |
| 1:25 | Peasant |
| 1:25 | Peasant |
| 1:32 | Lumber Mill |
| 1:38 | Farm |
| 1:45 | Scout Tower |
| 2:19 | Scroll of Regeneration |
| 2:20 | Lesser Clarity Potion |
| 2:20 | Lesser Clarity Potion |
| 2:39 | Keep |
| 2:41 | Improved Lumber Harvesting |
| 2:44 | Storm Bolt |
| 2:57 | Guard Tower |
| 3:25 | Scout Tower |
| 3:36 | Blacksmith |
| 3:54 | Guard Tower |
| 3:56 | Improved Masonry |
| 4:30 | Scroll of Regeneration |
| 4:30 | Lesser Clarity Potion |
| 4:31 | Scroll of Regeneration |
| 5:23 | Castle |
| 5:30 | Advanced Lumber Harvesting |
| 5:34 | Potion of Healing |
| 5:57 | Gryphon Aviary |
| 6:11 | Holy Light |
| 6:37 | Gryphon Aviary |
| 6:39 | Farm |
| 6:41 | Farm |
| 7:03 | Scout Tower |
| 7:05 | Scout Tower |
| 7:40 | Guard Tower |
| 7:42 | Advanced Masonry |
| 7:47 | Storm Hammers |
| 7:48 | Gryphon Rider |
| 7:48 | Gryphon Rider |
| 8:01 | Farm |
| 8:26 | Gryphon Rider |
| 8:28 | Guard Tower |
| 8:43 | Scroll of Town Portal |
| 9:09 | Arcane Vault |
| 9:16 | Arcane Vault |
| 9:24 | Gryphon Rider |
| 9:56 | Gryphon Rider |
| 9:56 | Gryphon Rider |
| 10:40 | Gryphon Rider |
| 10:40 | Gryphon Rider |
| 11:21 | Gryphon Rider |
| 12:05 | Gryphon Rider |
| 12:05 | Gryphon Rider |
| Right click | 634 |
| Select | 194 |
| Build/train/purchase | 60 |
| Select group | 53 |
| Use ability | 21 |
| Assign group | 5 |
| Misc. action | 2 |
| Minimap ping | 2 |
114 units @ 16.4k
/ 2.3k
59 buildings @ 8.8k
/ 3.4k


| Rod of Necromancy | 2 | 300 |
| Orb of Corruption | 1 | 375 |
| Scroll of Town Portal | 1 | 350 |
| Scroll of Healing | 1 | 250 |
| total: | 5 | 1275g |
| Acolyte | 3 | 225 | / | 0 |
| Ghoul | 2 | 240 | / | 0 |
| Crypt Fiend | 8 | 1720 | / | 320 |
| Obsidian Statue | 2 | 400 | / | 70 |
| Abomination | 1 | 240 | / | 70 |
| total: | 16 | 2825g | / | 460w |
| Nerubian Tower | 1 | 100 | / | 20 |
| Crypt | 1 | 200 | / | 50 |
| Altar of Darkness | 1 | 180 | / | 50 |
| Ziggurat | 5 | 750 | / | 250 |
| Graveyard | 1 | 215 | / | 0 |
| Tomb of Relics | 1 | 130 | / | 30 |
| Slaughterhouse | 1 | 140 | / | 135 |
| Halls of the Dead | 2 | 640 | / | 420 |
| Black Citadel | 2 | 650 | / | 460 |
| total: | 10 | 1615g | / | 515w |
| 0:10 | Acolyte |
| 0:10 | Acolyte |
| 0:14 | Crypt |
| 0:20 | Altar of Darkness |
| 0:41 | Ziggurat |
| 1:09 | Graveyard |
| 1:17 | Ghoul |
| 1:32 | Tomb of Relics |
| 1:44 | Ghoul |
| 1:58 | Nerubian Tower |
| 2:20 | Ziggurat |
| 2:30 | Death Coil |
| 2:39 | Crypt Fiend |
| 3:06 | Halls of the Dead |
| 3:17 | Rod of Necromancy |
| 3:59 | Crypt Fiend |
| 4:25 | Crypt Fiend |
| 4:45 | Crypt Fiend |
| 4:47 | Ziggurat |
| 5:15 | Unholy Aura |
| 5:57 | Crypt Fiend |
| 6:14 | Death Coil |
| 6:17 | Slaughterhouse |
| 6:19 | Black Citadel |
| 6:33 | Creature Attack |
| 6:38 | Rod of Necromancy |
| 6:57 | Frost Nova |
| 7:07 | Ziggurat |
| 7:31 | Obsidian Statue |
| 8:05 | Web |
| 9:12 | Acolyte |
| 9:19 | Scroll of Town Portal |
| 9:26 | Orb of Corruption |
| 9:27 | Scroll of Healing |
| 9:33 | Destroyer Form |
| 9:36 | Crypt Fiend |
| 9:48 | Brilliance Aura |
| 9:57 | Improved Creature Attack |
| 9:57 | Advanced Creature Attack |
| 10:46 | Crypt Fiend |
| 10:47 | Obsidian Statue |
| 11:01 | Dark Ritual |
| 11:52 | Abomination |
| 11:55 | Ziggurat |
| 12:35 | Death Pact |
| 12:57 | Crypt Fiend |
| 13:10 | Frost Nova |
| Right click | 780 |
| Select group | 491 |
| Select | 213 |
| Build/train/purchase | 61 |
| Misc. action | 57 |
| Assign group | 26 |
| Use ability | 24 |
| Item give/drop | 3 |

| Scroll of Regeneration | 1 | 100 |
| Lesser Clarity Potion | 1 | 70 |
| total: | 2 | 170g |
| Peasant | 10 | 750 | / | 0 |
| Footman | 4 | 540 | / | 0 |
| total: | 14 | 1290g | / | 0w |
| Scout Tower | 3 | 90 | / | 60 |
| Guard Tower | 2 | 140 | / | 100 |
| Altar of Kings | 1 | 180 | / | 50 |
| Farm | 4 | 320 | / | 80 |
| Barracks | 1 | 160 | / | 60 |
| Lumber Mill | 1 | 120 | / | 0 |
| Arcane Vault | 1 | 130 | / | 30 |
| Town Hall | 1 | 385 | / | 205 |
| Keep | 2 | 640 | / | 420 |
| total: | 12 | 1385g | / | 485w |
| 0:05 | Peasant |
| 0:05 | Peasant |
| 0:09 | Altar of Kings |
| 0:22 | Farm |
| 0:28 | Peasant |
| 0:37 | Peasant |
| 0:51 | Barracks |
| 0:58 | Peasant |
| 1:10 | Peasant |
| 1:16 | Farm |
| 1:18 | Peasant |
| 1:42 | Peasant |
| 1:51 | Lumber Mill |
| 1:56 | Footman |
| 1:58 | Farm |
| 2:04 | Peasant |
| 2:14 | Summon Water Elemental |
| 2:17 | Footman |
| 2:18 | Peasant |
| 2:29 | Footman |
| 2:44 | Arcane Vault |
| 3:12 | Footman |
| 3:30 | Brilliance Aura |
| 3:49 | Town Hall |
| 3:53 | Scout Tower |
| 4:04 | Scroll of Regeneration |
| 4:05 | Lesser Clarity Potion |
| 4:16 | Scout Tower |
| 4:37 | Scout Tower |
| 4:38 | Guard Tower |
| 4:40 | Keep |
| 5:02 | Farm |
| Right click | 226 |
| Select group | 121 |
| Select | 76 |
| Build/train/purchase | 29 |
| Misc. action | 23 |
| Assign group | 11 |


| Rod of Necromancy | 4 | 600 |
| total: | 4 | 600g |
| Acolyte | 4 | 300 | / | 0 |
| Ghoul | 18 | 2160 | / | 0 |
| Crypt Fiend | 8 | 1720 | / | 320 |
| Obsidian Statue | 2 | 400 | / | 70 |
| Frost Wyrm | 1 | 385 | / | 120 |
| Peasant | 6 | 450 | / | 0 |
| Rifleman | 4 | 820 | / | 120 |
| Priest | 3 | 405 | / | 30 |
| total: | 46 | 6640g | / | 660w |
| Altar of Darkness | 1 | 180 | / | 50 |
| Ziggurat | 8 | 1200 | / | 400 |
| Crypt | 1 | 200 | / | 50 |
| Graveyard | 1 | 215 | / | 0 |
| Tomb of Relics | 1 | 130 | / | 30 |
| Slaughterhouse | 1 | 140 | / | 135 |
| Boneyard | 1 | 175 | / | 200 |
| Halls of the Dead | 2 | 640 | / | 420 |
| Black Citadel | 2 | 650 | / | 460 |
| Guard Tower | 1 | 70 | / | 50 |
| Arcane Tower | 2 | 140 | / | 100 |
| Blacksmith | 1 | 140 | / | 60 |
| Barracks | 1 | 160 | / | 60 |
| Farm | 5 | 400 | / | 100 |
| Arcane Sanctum | 1 | 150 | / | 140 |
| Castle | 3 | 1080 | / | 630 |
| total: | 22 | 3090g | / | 1225w |
| 0:07 | Acolyte |
| 0:09 | Altar of Darkness |
| 0:12 | Ziggurat |
| 0:25 | Crypt |
| 0:35 | Acolyte |
| 0:36 | Acolyte |
| 0:36 | Acolyte |
| 1:02 | Graveyard |
| 1:17 | Tomb of Relics |
| 1:30 | Ghoul |
| 1:30 | Ghoul |
| 1:30 | Ghoul |
| 1:30 | Ghoul |
| 1:30 | Ghoul |
| 1:30 | Ghoul |
| 1:30 | Ghoul |
| 1:30 | Ghoul |
| 1:30 | Ghoul |
| 1:30 | Ghoul |
| 1:41 | Ghoul |
| 1:41 | Ghoul |
| 1:41 | Ghoul |
| 1:41 | Ghoul |
| 1:41 | Ghoul |
| 1:41 | Ghoul |
| 1:41 | Ghoul |
| 1:41 | Ghoul |
| 1:56 | Ziggurat |
| 2:10 | Death Coil |
| 2:21 | Rod of Necromancy |
| 2:22 | Rod of Necromancy |
| 2:33 | Crypt Fiend |
| 3:04 | Crypt Fiend |
| 3:04 | Crypt Fiend |
| 3:25 | Crypt Fiend |
| 4:26 | Halls of the Dead |
| 4:31 | Crypt Fiend |
| 4:35 | Ziggurat |
| 4:44 | Rod of Necromancy |
| 5:14 | Unholy Aura |
| 5:29 | Summon Water Elemental |
| 5:36 | Crypt Fiend |
| 5:39 | Blacksmith |
| 5:52 | Defend |
| 5:54 | Barracks |
| 6:04 | Peasant |
| 6:05 | Peasant |
| 6:05 | Peasant |
| 6:05 | Peasant |
| 6:34 | Guard Tower |
| 6:35 | Arcane Tower |
| 6:36 | Peasant |
| 6:36 | Peasant |
| 6:43 | Crypt Fiend |
| 6:51 | Web |
| 6:54 | Slaughterhouse |
| 7:16 | Black Citadel |
| 7:20 | Death Coil |
| 7:39 | Rifleman |
| 7:42 | Arcane Sanctum |
| 7:49 | Rod of Necromancy |
| 8:09 | Frost Nova |
| 8:35 | Ziggurat |
| 8:37 | Ziggurat |
| 8:45 | Rifleman |
| 8:46 | Castle |
| 9:14 | Long Rifles |
| 9:15 | Priest |
| 9:17 | Rifleman |
| 9:18 | Farm |
| 9:19 | Farm |
| 9:25 | Creature Attack |
| 9:25 | Creature Carapace |
| 9:25 | Improved Creature Carapace |
| 10:01 | Obsidian Statue |
| 10:05 | Boneyard |
| 10:09 | Rifleman |
| 10:10 | Priest |
| 10:11 | Priest |
| 10:12 | Farm |
| 10:13 | Farm |
| 10:48 | Unholy Aura |
| 11:04 | Farm |
| 12:00 | Dark Ritual |
| 12:11 | Frost Nova |
| 12:18 | Crypt Fiend |
| 12:19 | Obsidian Statue |
| 12:21 | Frost Wyrm |
| 12:31 | Brilliance Aura |
| 12:35 | Animal War Training |
| 12:48 | Ziggurat |
| 12:50 | Ziggurat |
| 12:51 | Ziggurat |
| 13:00 | Destroyer Form |
| 13:12 | Death Coil |
| Select group | 1859 |
| Right click | 998 |
| Select | 670 |
| Build/train/purchase | 143 |
| Misc. action | 129 |
| Assign group | 42 |
| Use ability | 26 |
| Chat | 3 |
| Item give/drop | 1 |
| Minimap ping | 1 |


| Lesser Clarity Potion | 2 | 140 |
| Staff of Preservation | 1 | 150 |
| Orb of Venom | 1 | 325 |
| Scroll of Town Portal | 1 | 350 |
| total: | 5 | 965g |
| Wisp | 14 | 840 | / | 0 |
| Archer | 5 | 650 | / | 50 |
| Dryad | 4 | 580 | / | 240 |
| Druid of the Talon | 1 | 145 | / | 20 |
| Faerie Dragon | 2 | 310 | / | 50 |
| Glaive Thrower | 3 | 630 | / | 195 |
| Mountain Giant | 1 | 350 | / | 100 |
| Goblin Shredder | 1 | 375 | / | 100 |
| Knight | 7 | 1715 | / | 420 |
| total: | 38 | 5595g | / | 1175w |
| Altar of Elders | 1 | 180 | / | 50 |
| Moon Well | 6 | 1080 | / | 240 |
| Ancient of War | 2 | 300 | / | 120 |
| Hunter's Hall | 1 | 210 | / | 100 |
| Tree of Life | 1 | 340 | / | 185 |
| Ancient of Wonders | 1 | 90 | / | 30 |
| Ancient of Lore | 2 | 310 | / | 290 |
| Ancient of Wind | 1 | 150 | / | 140 |
| Tree of Ages | 1 | 320 | / | 180 |
| Tree of Eternity | 1 | 330 | / | 200 |
| total: | 15 | 2660g | / | 1155w |
| 0:05 | Wisp |
| 0:05 | Wisp |
| 0:23 | Altar of Elders |
| 0:25 | Moon Well |
| 0:32 | Ancient of War |
| 0:35 | Ancient of War |
| 0:38 | Wisp |
| 0:53 | Wisp |
| 1:07 | Wisp |
| 1:28 | Moon Well |
| 1:36 | Archer |
| 1:39 | Wisp |
| 1:54 | Archer |
| 2:01 | Wisp |
| 2:23 | Archer |
| 2:25 | Wisp |
| 2:31 | Force of Nature |
| 2:46 | Wisp |
| 2:57 | Archer |
| 3:22 | Tree of Ages |
| 3:23 | Archer |
| 4:43 | Hunter's Hall |
| 4:47 | Entangling Roots |
| 5:03 | Tree of Life |
| 5:31 | Ancient of Wonders |
| 5:52 | Moon Well |
| 5:54 | Wisp |
| 5:56 | Ancient of Lore |
| 5:59 | Ancient of Wind |
| 6:07 | Force of Nature |
| 6:39 | Lesser Clarity Potion |
| 6:40 | Staff of Preservation |
| 6:52 | Wisp |
| 7:15 | Searing Arrows |
| 7:24 | Goblin Shredder |
| 7:28 | Dryad |
| 7:29 | Dryad |
| 7:35 | Druid of the Talon |
| 9:10 | Dryad |
| 9:10 | Dryad |
| 9:12 | Faerie Dragon |
| 9:13 | Faerie Dragon |
| 9:14 | Tree of Eternity |
| 9:28 | Lesser Clarity Potion |
| 9:51 | Scroll of Town Portal |
| 10:02 | Glaive Thrower |
| 10:10 | Wisp |
| 10:16 | Moon Well |
| 11:33 | Glaive Thrower |
| 11:35 | Trueshot Aura |
| 11:40 | Mountain Giant |
| 11:43 | Wisp |
| 11:43 | Wisp |
| 11:44 | Strength of the Moon |
| 11:45 | Strength of the Wild |
| 11:46 | Well Spring |
| 11:49 | Ancient of Lore |
| 11:52 | Druid of the Talon Adept Training |
| 11:58 | Orb of Venom |
| 12:10 | Vorpal Blades |
| 12:47 | Knight |
| 12:47 | Knight |
| 12:47 | Knight |
| 12:47 | Knight |
| 12:48 | Knight |
| 12:48 | Knight |
| 12:48 | Knight |
| 13:11 | Glaive Thrower |
| 13:12 | Improved Strength of the Moon |
| 13:17 | Moon Well |
| 13:17 | Moon Well |
| Right click | 307 |
| Select | 215 |
| Select group | 123 |
| Build/train/purchase | 73 |
| Misc. action | 67 |
| Assign group | 34 |
| Use ability | 29 |
| Chat | 17 |
| Remove unit | 1 |
⇛